 Dungeon Crawl Stone Soup version 0.30-a0-378-g86d51d8b50 (webtiles) character file.

Game seed: 12182742462379960899

11595 Aqq the Arsonist (level 11, -6/84 HPs)
             Began as a Demonspawn Fire Elementalist on Dec 1, 2022.
             Was an Elder of Makhleb.
             Mangled by a bog body (24 damage)
             ... on level 2 of the Lair of Beasts.
             The game lasted 01:21:15 (15490 turns).

Aqq the Arsonist (Demonspawn Fire Elementalist)    Turns: 15490, Time: 01:21:15

Health: -6/84      AC: 11    Str: 16    XL:     11   Next: 51%
Magic:  10/17      EV: 14    Int: 23    God:    Makhleb [****..]
Gold:   520        SH:  4    Dex: 23    Spells: 10/18 levels left

rFire   . . .      SeeInvis .    q - +5 whip of Ragnarok {vorpal, Dex+6}
rCold   . . .      Faith    .    (no shield)
rNeg    . . .      Spirit   .    a - +2 robe of Usecso Woos {Int+3 Dex+4}
rPois   .          Reflect  .    (no helmet)
rElec   .          Harm     .    m - +2 cloak
rCorr   +          Rampage  .    I - +2 pair of gloves
Will    .....                    v - +0 pair of boots
Stlth   ++........               W - amulet of regeneration
HPRegen 1.14/turn                s - +6 ring of strength
MPRegen 0.15/turn                D - ring of resist corrosion

@: marked, frozen, very slow
A: claws 1, large bone plates 1, ignite blood 2, spiny 1
a: Renounce Religion, Minor Destruction, Lesser Servant of Makhleb, Major
Destruction


You were on level 2 of the Lair of Beasts.
You worshipped Makhleb.
Makhleb was greatly pleased with you.
You visited 2 branches of the dungeon, and saw 13 of its levels.

You collected 724 gold pieces.
You spent 204 gold pieces at shops.

Inventory:

Hand Weapons
 q - the +5 whip of Ragnarok (weapon) {vorpal, Dex+6}
   (You found it on level 3 of the Dungeon)

   It inflicts extra damage upon your enemies.
   Dex:       It affects your dexterity (+6).
Missiles
 h - 6 silver boomerangs
 i - 20 poisoned darts
 F - 2 throwing nets
 H - 4 boomerangs
Armour
 a - the +2 robe of Usecso Woos (worn) {Int+3 Dex+4}
   (You found it on level 7 of the Dungeon)

   Int:       It affects your intelligence (+3).
   Dex:       It affects your dexterity (+4).
 k - a +1 leather armour of fire resistance
 m - a +2 cloak (worn)
 v - a +0 pair of boots (worn)
 G - a +0 robe of fire resistance
 I - a +2 pair of gloves (worn)
 M - a +2 robe of the Archmagi
Magical Staves
 A - a staff of earth
 R - a staff of poison
Jewellery
 s - a +6 ring of strength (left hand)
 D - a ring of resist corrosion (right hand)
 L - a ring of ice
 V - a +6 ring of strength
 W - an amulet of regeneration (around neck)
Wands
 c - a wand of flame (16)
 p - a wand of iceblast (4)
 P - a wand of mindburst (5)
 Q - a wand of light (8)
 X - a wand of charming (7)
Scrolls
 d - 3 scrolls of blinking
 n - a scroll of brand weapon
 r - 2 scrolls of magic mapping
 t - 2 scrolls of poison
 u - 4 scrolls of amnesia
 w - 2 scrolls of enchant armour
 x - 2 scrolls of vulnerability
 y - 6 scrolls of teleportation
 z - 2 scrolls of fog
 B - a scroll of enchant weapon {unknown}
 C - a scroll of torment
 K - 2 scrolls of summoning
 N - a scroll of immolation {unknown}
 U - a scroll of silence
Potions
 b - 2 potions of magic
 e - 3 potions of lignification {unknown}
 f - 3 potions of cancellation {unknown}
 g - a potion of berserk rage {unknown}
 j - a potion of ambrosia
 l - a potion of haste
 o - 4 potions of curing {unknown}
 E - a potion of mutation {unknown}
 J - 2 potions of might {unknown}
 O - 3 potions of heal wounds {unknown}
 S - a potion of invisibility {unknown}
 T - a potion of brilliance {unknown}
 Y - a potion of resistance {unknown}
Miscellaneous
 Z - a tin of tremorstones (2/2)


   Skills:
 * Level 7.0 Fighting
 + Level 3.5 Dodging
 - Level 1.7 Stealth
 + Level 1.1 Shields
 + Level 4.1 Spellcasting
 * Level 6.9 Conjurations
 - Level 2.0 Necromancy
 + Level 12.2 Fire Magic
 + Level 8.0 Invocations


You had 10 spell levels left.
You knew the following spells:

 Your Spells              Type           Power      Damage    Failure   Level
a - Foxfire               Conj/Fire      100%       2x1d9     1%          1
b - Scorch                Fire           100%       2d10      1%          2
c - Necrotise             Necr           56%        1d6       4%          1
d - Flame Wave            Conj/Fire      48%        2d12      1%          4

Your spell library contained the following spells:

 Spells                   Type           Power      Damage    Failure   Level
 Inner Flame              Hex/Fire       33%        N/A       2%          3
 Kindle Blastsparks       Fire/Tloc/Air  46%        2d13      6%          3
 Apportation              Tloc           8%         N/A       11%         1
 Summon Small Mammal      Summ           16%        N/A       11%         1
 Cigotuvi's Dreadful Rot  Necr/Pois/Air  14%        N/A       12%         2
 Blink                    Tloc           8%         N/A       16%         2
 Ensorcelled Hibernation  Hex/Ice        8%         N/A       16%         2
 Spider Form              Tmut/Pois      4%         N/A       30%         3
 Dispel Undead            Necr           14%        3d10      41%         4
 Anguish                  Hex/Necr       4%         N/A       56%         4
 Manifold Assault         Tloc           4%         N/A       71%         4
 Passage of Golubria      Tloc           4%         N/A       71%         4
 Silence                  Hex/Air        2%         N/A       96%         5
 Death Channel            Necr           7%         N/A       100%        6
 Storm Form               Tmut/Air       2%         N/A       100%        7
 Lehudib's Crystal Spear  Conj/Erth      10%        10d4      100%        8


Dungeon Overview and Level Annotations

Branches:
Dungeon (11/15)            Temple (0/1) D:5            Lair (2/5) D:9
    Orc (0/2) D:9
  Swamp: Lair:2-3    Shoals: Lair:2-3     Snake: Lair:2-3    Spider: Lair:2-3

Altars:
Cheibriados
Gozag
Hepliaklqana
Kikubaaqudgha
Makhleb
Okawaru
Ru
Sif Muna
Trog
Vehumet
Xom
Yredelemnul
Lugonu

Shops:
D:5 ?

Portals:
Abyss: D:9

Annotations:
D:10 3 runed translucent doors, exclusion: statue, Stonecrops's ghost, journeyman GrGl


Innate Abilities, Weirdness & Mutations

You have sharp fingernails.
You are partially covered in large bone plates. (SH +4)
Your demonic aura often causes spilled blood to erupt in flames.
You are partially covered in sharp spines.


Message History

You feel better.
Your blizzard demon is engulfed in freezing vapours.
Found 6 poisoned darts.
Found a stone staircase leading up.
A bog body comes into view.
You see here a polar bear corpse.
What are your orders? t - Shout!
Orders for allies: a - Attack new target. r - Retreat! s - Stop attacking. g - Guard the area. f - Follow me.
Anything else - Cancel.
Gang up on whom?
Press: ? - help, Dir - move target, f - bog body
Aim: a bog body (ally target) Attack!
A rime drake comes into view.
Your blizzard demon gestures at the bog body.
The bolt of lightning hits the bog body!!
Makhleb accepts your kill.
You feel a bit more experienced.
Your Fighting skill increases to level 7!
Your Spellcasting skill increases to level 4!
Found a bog body corpse.
The rime drake breathes ice at you. The icy flash freeze hits you!!
You are encased in ice.
Casting: Scorch (safe; 1% risk of failure)
Confirm with . or Enter, or press ? or * to list all spells.
You can't see any susceptible monsters within range! (Use Z to cast anyway.)
Your blizzard demon disappears in a puff of smoke!
The ice encasing you melts away. The rime drake breathes ice at you.
The icy flash freeze hits you but does no damage.
You are encased in ice.
The bog body touches you. The bog body freezes you!!
* * * LOW HITPOINT WARNING * * *
The bog body touches you!
* * * LOW HITPOINT WARNING * * *
The bog body freezes you!!
You die...

## ###
#####P##.#####
.............#
.............#
.............#
......).†....##
.(............#
.....k...n@<.##
..$........†..#
.<...†........#
.##....###.####
##... ### ##..
#†.


You could see a bog body and a rime drake (catching breath).

Vanquished Creatures
  An ugly thing (D:8)
  A black mamba (Lair:1)
  3 cane toads (Lair:1)
  Joseph (Lair:1)
  A gargoyle (D:10)
  A rime drake (D:9)
  A komodo dragon (Lair:1)
  A troll (D:10)
  2 polar bears
  2 blink frogs (Lair:2)
  A wyvern (D:7)
  16 yaks
  A wraith (D:10)
  A steam dragon (D:9)
  An acid dragon (D:11)
  3 water moccasins
  2 orc warriors
  3 ice beasts
  2 ogres
  4 wolves
  3 centaurs
  3 phantoms
  A kobold brigand (D:8)
  2 necrophages (D:6)
  A gnoll sergeant (D:10)
  3 bullfrogs
  2 scorpions
  5 wights (D:7)
  6 killer bees (D:8)
  An electric eel (Lair:1)
  9 howler monkeys
  An orc priest (D:9)
  A hound (D:5)
  2 jellies
  4 iguanas
  7 orc wizards
  A mummy (D:9)
  4 gnolls
  7 adders
  A river rat (D:5)
  4 white imps
  An ufetubus (D:6)
  A worm (D:5)
  The ghost of LetschGu the Sneak, a weakling NaDe (D:5)
  3 dart slugs
  35 orcs
  14 ball pythons
  5 endoplasms
  9 giant cockroaches
  5 goblins
  5 hobgoblins
  10 jackals
  7 quokkas
  6 bats
  A frilled lizard (D:1)
  5 kobolds
  6 rats
  2 lurking horrors (D:9)
232 creatures vanquished.

Vanquished Creatures (collateral kills)
  A bog body (Lair:2)
  2 blink frogs (Lair:2)
  A water moccasin (Lair:1)
  A black bear (D:5)
  Blork the orc (D:5)
  2 bullfrogs (Lair:1)
  A hound (D:5)
9 creatures vanquished.

Vanquished Creatures (others)
  230 foxfires
  12 plants (Lair:1)
242 creatures vanquished.

Grand Total: 483 creatures vanquished

Notes
Turn   | Place    | Note
-------+----------+-------------------------------------------
     0 | D:1      | Aqq the Demonspawn Fire Elementalist began the quest for
                  | the Orb.
     0 | D:1      | Reached XP level 1. HP: 13/13 MP: 3/3
    52 | D:1      | Found a faded altar of an unknown god.
   120 | D:1      | Prayed at the altar of an unknown god.
   120 | D:1      | Became a worshipper of Makhleb the Destroyer
   120 | D:1      | Reached * piety under Makhleb
   134 | D:1      | Reached skill level 3 in Fire Magic
   185 | D:1      | Gained mutation: You are partially covered in large bone
                  | plates. (SH +4) [demonic ancestry]
   185 | D:1      | Reached XP level 2. HP: 19/19 MP: 1/5
   944 | D:1      | Learned a level 2 spell: Scorch
  1155 | D:2      | Reached ** piety under Makhleb
  1156 | D:2      | Gained mutation: Your demonic aura sometimes causes spilled
                  | blood to erupt in flames. [demonic ancestry]
  1156 | D:2      | Reached XP level 3. HP: 24/24 MP: 0/6
  1424 | D:2      | Reached skill level 1 in Invocations
  1424 | D:2      | Reached XP level 4. HP: 16/31 MP: 0/7
  2773 | D:3      | Identified the +5 whip of Ragnarok {vorpal, Dex+6}
  3199 | D:4      | Reached XP level 5. HP: 36/36 MP: 2/9
  3836 | D:4      | Reached *** piety under Makhleb
  3838 | D:4      | Reached skill level 1 in Fighting
  3841 | D:4      | Reached skill level 4 in Fire Magic
  4537 | D:5      | Entered Level 5 of the Dungeon
  4537 | D:5      | Noticed a phantom
  4537 | D:5      | Noticed an ice beast
  4547 | D:4      | Killed an ice beast
  4548 | D:4      | Reached XP level 6. HP: 30/43 MP: 1/10
  4623 | D:5      | Found Xelib's Magic Scroll Boutique.
  4816 | D:5      | Bought a scroll of vulnerability for 48 gold pieces
  4816 | D:5      | Bought a scroll of teleportation for 36 gold pieces
  4816 | D:5      | Bought a scroll of fog for 48 gold pieces
  4816 | D:5      | Bought a scroll of identify for 24 gold pieces
  4816 | D:5      | Bought a scroll of identify for 24 gold pieces
  4816 | D:5      | Bought a scroll of identify for 24 gold pieces
  4868 | D:5      | Found a runed translucent door.
  4873 | D:5      | Noticed LetschGu's ghost (weakling NaDe)
  4917 | D:5      | Reached skill level 5 in Fire Magic
  4917 | D:5      | Gained mutation: Your demonic aura often causes spilled
                  | blood to erupt in flames. [demonic ancestry]
  4917 | D:5      | Reached XP level 7. HP: 50/50 MP: 4/11
  5101 | D:5      | Found a bloodstained altar of Trog.
  5169 | D:5      | Found a runed translucent door.
  5241 | D:5      | Found a staircase to the Ecumenical Temple.
  5282 | D:5      | Noticed Blork the orc
  5285 | D:5      | Killed Blork the orc
  5483 | D:5      | Reached skill level 6 in Fire Magic
  5637 | D:5      | Found a hazy altar of Hepliaklqana.
  5637 | D:5      | Found a shimmering blue altar of Sif Muna.
  5638 | D:5      | Found a basalt altar of Yredelemnul.
  5874 | D:5      | Killed LetschGu's ghost
  6135 | D:6      | Reached **** piety under Makhleb
  6136 | D:6      | Reached XP level 8. HP: 44/54 MP: 1/12
  6252 | D:6      | Reached skill level 5 in Invocations
  6528 | D:6      | Found a shimmering altar of Xom.
  7076 | D:6      | Learned a level 1 spell: Necrotise
  7590 | D:7      | Reached skill level 7 in Fire Magic
  7689 | D:7      | Reached skill level 1 in Necromancy
  8078 | D:7      | Identified the +2 robe of Usecso Woos {Int+3 Dex+4}
  8143 | D:7      | Learned a level 4 spell: Flame Wave
  8610 | D:7      | Gained mutation: You are partially covered in sharp spines.
                  | [demonic ancestry]
  8610 | D:7      | Reached XP level 9. HP: 65/65 MP: 6/13
  9177 | D:7      | Reached skill level 8 in Fire Magic
 10063 | D:8      | Noticed a red ugly thing
 10070 | D:8      | Killed a brown ugly thing
 10071 | D:8      | Reached skill level 5 in Conjurations
 10071 | D:8      | Reached skill level 9 in Fire Magic
 10193 | D:8      | Found an opulent altar of Gozag.
 10598 | D:8      | Found an ancient bone altar of Kikubaaqudgha.
 10696 | D:9      | Reached skill level 5 in Fighting
 10696 | D:9      | Reached skill level 10 in Fire Magic
 10696 | D:9      | Gained mutation: You have sharp fingernails. [demonic
                  | ancestry]
 10696 | D:9      | Reached XP level 10. HP: 36/74 MP: 4/15
 11000 | D:9      | Found a one-way gate to the infinite horrors of the Abyss.
 11011 | D:9      | Found a staircase to the Lair.
 11483 | D:9      | Found a snail-covered altar of Cheibriados.
 11717 | D:9      | Found a sacrificial altar of Ru.
 12039 | D:9      | Found a staircase to the Orcish Mines.
 12447 | D:9      | Found a corrupted altar of Lugonu.
 12495 | D:10     | Entered Level 10 of the Dungeon
 12520 | D:10     | Found a radiant altar of Vehumet.
 12991 | D:10     | Found an iron altar of Okawaru.
 13432 | D:10     | Reached ***** piety under Makhleb
 13634 | D:10     | Noticed a gargoyle
 13644 | D:10     | Killed a gargoyle
 13772 | D:10     | Found a runed translucent gate.
 13772 | D:10     | Found a runed translucent gate.
 13774 | D:10     | Found a runed translucent gate.
 13776 | D:10     | Noticed Stonecrops's ghost (journeyman GrGl)
 13938 | D:11     | Noticed a boulder beetle
 14197 | Lair:1   | Entered Level 1 of the Lair of Beasts
 14207 | Lair:1   | Reached skill level 11 in Fire Magic
 14207 | Lair:1   | Noticed a cane toad
 14211 | Lair:1   | Killed a cane toad
 14212 | Lair:1   | Noticed a cane toad
 14215 | Lair:1   | Killed a cane toad
 14357 | Lair:1   | Noticed a cane toad
 14384 | Lair:1   | Killed a cane toad
 14452 | Lair:1   | Noticed Joseph
 14464 | Lair:1   | Killed Joseph
 14465 | Lair:1   | Reached XP level 11. HP: 44/81 MP: 8/17
 14695 | Lair:1   | Reached skill level 1 in Shields
 15048 | Lair:1   | Reached skill level 12 in Fire Magic
 15484 | Lair:2   | Noticed a bog body
 15485 | Lair:2   | Killed a bog body
 15490 | Lair:2   | Mangled by a bog body

Illustrated notes

Levels and vault maps discovered:
D:1:      tarquinn_simple_flora_water_a, layout_basic,
          nicolae_ecumenical_snake_handling
D:2:      layout_basic
D:3:      layout_basic, minmay_stone_trees_small
D:4:      mumra_celtic_spiral_tile, layout_gridville, minmay_misc_feat_enclosed,
          grunt_ministairs_4
D:5:      layout_gridville, gammafunk_temple_overflow_claw, trog_antimagical,
          minmay_temple_entry_grid, ebering_ghost_sewer_f,
          nicolae_stop_n_shop_2, minmay_holes, uniq_blork_the_orc
D:6:      layout_basic, mainiacjoe_overflow_small_starburst, grunt_ministairs_9
D:7:      layout_basic, serial_co_window_serial, co_window_paths_a,
          co_window_paths_a, co_window_corner_a, co_window_paths_b,
          co_window_of_opportunity_a, co_window_of_opportunity_a,
          co_window_corner_b, co_window_of_opportunity_c, co_window_corner_ca,
          co_window_of_opportunity_b, co_window_unsneaky_path_a,
          co_window_unsneaky_path_c, co_window_corner_b, co_window_4corner_a,
          glass_columns_a, glass_columns_b, glass_columns_b, glass_columns_b
D:8:      layout_rooms, nicolae_gozag_seed_capital, kiku_gazebo_pond_becter
D:9:      layout_gridville, slow_altar_1,
          mainiacjoe_overflow_concentric_impassable, hellmonk_lair_entry_icy,
          orc_0_dummy, kennysheep_donut, amcnicky_altar_lugonu_corruption
D:10:     layout_gridville, mainiacjoe_overflow_24_doors, vehumet_statue,
          ebering_ghost_rock_garden, amcnicky_mini_rare_corridor_liquid,
          dk_noncrumbling_3
D:11:     layout_long_grid
Lair:1:   layout_big_grid, serial_bayou_pond_c, infiniplex_staircase_pool,
          uniq_joseph
Lair:2:   layout_big_grid, skrybe_swamp_entry_bodies

Skill      XL: |  1  2  3  4  5  6  7  8  9 10 11 |
---------------+----------------------------------+-----
Fire Magic     | 3 4 5 6 7 10 11 12 | 12.2
Dodging        | 2 3 |  3.5
Invocations    | 1 3 4 6 8 |  8.0
Spellcasting   | 3 4 |  4.1
Fighting       | 1 2 4 5 6 7 |  7.0
Conjurations   | 2 4 5 6 |  6.9
Necromancy     | 2 |  2.0
Shields        | 1 |  1.1
Stealth        | |  1.7

Action                   |  1- 3 |  4- 6 |  7- 9 | 10-12 || total
-------------------------+-------+-------+-------+-------++-------
Melee: Club              |     1 |       |       |       ||     1
       Whip              |       |     3 |     8 |     4 ||    15
 Cast: Foxfire           |    48 |    60 |    19 |     6 ||   133
       Scorch            |     4 |    35 |   131 |   117 ||   287
       Necrotise         |       |       |     3 |       ||     3
       Flame Wave        |       |       |     5 |    10 ||    15
Invok: Minor Destruction |     8 |     2 |     4 |       ||    14
       Lesser Servant of |       |       |     2 |     3 ||     5
       Greater Servant o |       |       |       |     1 ||     1
  Use: Scroll            |       |     7 |     6 |     2 ||    15
Armor: Robe              |    11 |     8 |    18 |    19 ||    56
Dodge: Dodged            |    21 |    13 |    39 |    46 ||   119
Block: Other             |     6 |     1 |     6 |    14 ||    27

Table legend: (Time is in decaauts)
 A = Elapsed time spent in this place.
 B = Non-inter-level travel time spent in this place.
 C = Inter-level travel time spent in this place.
 D = Time resting spent in this place.
 E = Time spent auto-exploring this place.
 F = Levels seen in this place.
 G = Mean time per level.
                   A        B        C        D        E       F      G
               +--------+--------+--------+--------+--------+-----+--------+
         Total |  15514 |  14945 |    569 |   5961 |   3524 |  13 | 1193.4 |
       Dungeon |  14388 |  13819 |    569 |   5404 |   3524 |  11 | 1308.0 |
          Lair |   1126 |   1126 |      0 |    557 |      0 |   2 |  563.0 |
               +--------+--------+--------+--------+--------+-----+--------+

Top non-repeatable levels by time:
     D:6: 1925 daAuts
     D:7: 1798 daAuts
     D:9: 1754 daAuts
     D:4: 1631 daAuts
    D:10: 1368 daAuts
     D:8: 1300 daAuts
     D:5: 1279 daAuts
     D:2: 1178 daAuts
  Lair:1: 1106 daAuts
     D:1: 1058 daAuts
     D:3: 906 daAuts
    D:11: 188 daAuts
  Lair:2: 19 daAuts
